 Dungeon Crawl Stone Soup version 0.30-a0-1018-g25214051b3 (webtiles) character file.

Game seed: 7138374916292202230

449717 Monkooky the Cloud Mage (level 23, -45/180 HPs)
             Began as a Tengu Hunter on Apr 6, 2023.
             Was the Champion of Jiyva.
             Killed from afar by a yellow draconian annihilator (61 damage)
             ... with a crystal spear
             ... led by a black draconian knight
             ... on level 1 of the Realm of Zot on Apr 7, 2023.
             The game lasted 03:31:10 (40024 turns).

Monkooky the Cloud Mage (Tengu Hunter)             Turns: 40024, Time: 03:31:11

Health: -45/180    AC: 25    Str: 11    XL:     23   Next: 94%
Magic:  0/39       EV: 25    Int: 18    God:    Jiyva [******]
Gold:   3204       SH:  0    Dex: 26    Spells: 7/44 levels left

rFire   + + +      SeeInvis +    d - staff of air
rCold   + . .      Faith    .    (no shield)
rNeg    . . .      Spirit   +    H - +8 fire dragon scales
rPois   .          Reflect  .    j - +2 hat of the Bear Spirit {Spirit, Bear, *Rage Will++}
rElec   +          Rampage  .    Y - +2 cloak
rCorr   +          Rage     20%  A - +2 pair of gloves {hurl}
Will    ++++.                    (boots unavailable)
Stlth   ++                       F - amulet of Vitality {RegenMP++ Regen++}
HPRegen 3.70/turn                t - ring "Wytar" {rElec rC+ Will+ Int+5}
MPRegen 1.56/turn                q - ring of see invisible

@: corroded, calling ooze, flying quickly and evasively, studying 3 skills,
quick
A: beak, talons 3, nimble flight, fire resistance 3, robust 2, shaggy fur 3,
eyeballs 1, pseudopods 3, jelly absorbing missiles
}: 3/15 runes: barnacled, slimy, gossamer
a: Renounce Religion, Oozemancy, Slimify


You were on level 1 of the Realm of Zot.
You worshipped Jiyva.
Jiyva was exalted by your worship.
You visited 10 branches of the dungeon, and saw 46 of its levels.
You also visited: Bailey, Gauntlet, Ice Cave and Desolation.

You collected 3678 gold pieces.
You spent 474 gold pieces at shops.

Inventory:

Hand Weapons
 J - the +6 arbalest "Damnation" {damnation}
   (You found it in the Desolation of Salt)
 W - a +6 longbow of flaming
Missiles
 c - 3 throwing nets
Armour
 j - the +2 hat of the Bear Spirit (worn) {Spirit, Bear, *Rage Will++}
   (You found it on level 5 of the Pits of Slime)

   Bear:      Going berserk makes the wearer tougher, and they're slowed less
   afterward.
   *Rage:     It berserks you when you make melee attacks (+20% chance).
   Will:      It greatly increases your willpower.
 A - a +2 pair of gloves of hurling (worn)
 B - the +7 ring mail "Qontepn" {SInv}
   (You found it on level 2 of the Spider Nest)

   SInv:      It lets you see invisible.
 H - +8 fire dragon scales (worn)
 I - a scarf of resistance
 Y - a +2 cloak (worn)
Magical Staves
 d - a staff of air (weapon)
Jewellery
 i - a ring of willpower
 q - a ring of see invisible (right hand)
 t - the ring "Wytar" (left hand) {rElec rC+ Will+ Int+5}
   (You found it in the Desolation of Salt)

   [ring of willpower]

   Int:       It affects your intelligence (+5).
   rC:        It protects you from cold.
   rElec:     It insulates you from electricity.
   Will:      It increases your willpower.
 v - a ring of protection from fire
 D - a +6 ring of intelligence
 E - a +5 ring of evasion
 F - the amulet of Vitality (around neck) {RegenMP++ Regen++}
   (You found it on level 3 of the Elven Halls)

   [amulet of magic regeneration]

   It increases your rate of magic regeneration.
   Regen:     It increases your rate of health regeneration.
 O - a +4 ring of protection
 U - the ring of Midnight {Fly rF+ rN+ Stlth-}
   (You found it in a Gauntlet)

   [ring of positive energy]

   rF:        It protects you from fire.
   rN:        It protects you from negative energy.
   Fly:       It grants you flight.
   Stlth:     It makes you less stealthy.
Wands
 w - a wand of quicksilver (27)
 C - a wand of digging (18)
 M - a wand of roots (19)
 N - a wand of charming (11)
Scrolls
 b - 2 scrolls of vulnerability
 e - 20 scrolls of teleportation
 h - 2 scrolls of silence
 n - 4 scrolls of magic mapping
 p - 3 scrolls of brand weapon
 y - a scroll of acquirement
 z - 6 scrolls of blinking
 G - 6 scrolls of fear
 Q - 6 scrolls of noise
 R - 8 scrolls of immolation
 S - 2 scrolls of fog
 T - 4 scrolls of butterflies
Potions
 a - 2 potions of resistance
 g - 10 potions of haste
 k - 6 potions of magic
 l - 16 potions of attraction
 m - 8 potions of mutation
 r - 7 potions of might
 s - 8 potions of heal wounds
 u - 15 potions of curing
 L - 7 potions of ambrosia
 V - 5 potions of brilliance
 X - 3 potions of cancellation
 Z - 3 potions of invisibility
Miscellaneous
 f - a box of beasts
 o - a lightning rod (4/4)
 x - a phial of floods
 K - a tin of tremorstones (2/2)
 P - a condenser vane


   Skills:
 - Level 17.5 Fighting
 - Level 6.1 Staves
 - Level 18.0 Ranged Weapons
 * Level 14.7 Armour
 - Level 19.3 Dodging
 - Level 6.1 Stealth
 - Level 11.0 Spellcasting
 - Level 13.0 Conjurations
 - Level 2.1 Translocations
 - Level 7.0 Ice Magic
 - Level 26.4 Air Magic
 - Level 7.0 Evocations


You had 7 spell levels left.
You knew the following spells:

 Your Spells              Type           Power      Damage    Failure   Level
a - Swiftness             Air            100%       N/A       0%          3
b - Arcjolt               Conj/Air       44%        1d54      1%          5
c - Airstrike             Air            51%        2d(8-24)  0%          4
d - Freezing Cloud        Conj/Ice/Air   39%        6-21      1%          5
e - Conjure Ball Lightni  Conj/Air       44%        3x3d15    1%          6
f - Maxwell's Capacitive  Air            51%        ∞         4%          8
g - Apportation           Tloc           34%        N/A       14%         1
h - Silence               Hex/Air        36%        N/A       4%          5

Your spell library contained the following spells:

 Spells                   Type           Power      Damage    Failure   Level
 Static Discharge         Conj/Air       100%       2-7/arc   0%          2
 Freeze                   Ice            100%       1d10      1%          1
 Magic Dart               Conj           100%       1d8       1%          1
 Cigotuvi's Dreadful Rot  Necr/Pois/Air  100%       N/A       1%          2
 Poisonous Vapours        Pois/Air       100%       N/A       1%          2
 Mephitic Cloud           Conj/Pois/Air  72%        N/A       1%          3
 Vhi's Electric Charge    Tloc/Air       100%       N/A       1%          3
 Summon Lightning Spire   Summ/Air       72%        N/A       1%          4
 Kiss of Death            Conj/Necr      100%       2d13      2%          1
 Momentum Strike          Conj/Tloc      74%        3d10      2%          2
 Dazzling Flash           Conj/Hex       66%        N/A       7%          3
 Stone Arrow              Conj/Erth      66%        3d11      7%          3
 Ensorcelled Hibernation  Hex/Ice        44%        N/A       12%         2
 Iskenderun's Mystic Bla  Conj/Tloc      37%        2d9       14%         4
 Blink                    Tloc           34%        N/A       21%         2
 Lesser Beckoning         Tloc           34%        N/A       21%         2
 Flame Wave               Conj/Fire      33%        2d10      22%         4
 Fulminant Prism          Conj/Hex       16%        3d10      22%         4
 Sticky Flame             Conj/Fire      33%        2d5       22%         4
 Beastly Appendage        Tmut           18%        N/A       32%         1
 Sandblast                Erth           18%        2d7       32%         1
 Sting                    Tmut/Pois      36%        1d4       32%         1
 Call Imp                 Summ           18%        N/A       43%         2
 Passwall                 Tmut/Erth      7%         N/A       43%         2
 Scorch                   Fire           18%        2d6       43%         2
 Sublimation of Blood     Necr           9%         N/A       43%         2
 Wereblood                Tmut           9%         N/A       43%         2
 Irradiate                Conj/Tmut      16%        3d17      52%         5
 Portal Projectile        Hex/Tloc       26%        N/A       54%         3
 Volatile Blastmotes      Fire/Tloc      26%        2d12      54%         3
 Summon Ice Beast         Ice/Summ       22%        N/A       58%         4
 Confusing Touch          Hex            9%         N/A       67%         3
 Ignite Poison            Fire/Tmut/Pois 9%         N/A       67%         3
 Spider Form              Tmut/Pois      9%         N/A       67%         3
 Tukima's Dance           Hex            9%         N/A       67%         3
 Storm Form               Tmut/Air       36%        N/A       77%         7
 Anguish                  Hex/Necr       4%         N/A       97%         4
 Animate Armour           Summ/Erth      18%        N/A       97%         4
 Animate Dead             Necr           9%         N/A       97%         4
 Cause Fear               Hex            4%         N/A       97%         4
 Dispel Undead            Necr           9%         3d8       97%         4
 Leda's Liquefaction      Hex/Erth       4%         N/A       97%         4
 Olgreb's Toxic Radiance  Pois           9%         N/A       97%         4
 Petrify                  Tmut/Erth      9%         N/A       97%         4
 Summon Forest            Summ/Tloc      6%         N/A       99%         5
 Agony                    Necr           9%         N/A       100%        5
 Alistair's Intoxication  Tmut/Pois      6%         N/A       100%        5
 Blade Hands              Tmut           4%         N/A       100%        5
 Borgnjor's Vile Clutch   Necr/Erth      4%         N/A       100%        5
 Lee's Rapid Deconstruct  Erth           4%         3d5*      100%        5
 Summon Mana Viper        Hex/Summ       9%         N/A       100%        5
 Death Channel            Necr           4%         N/A       100%        6
 Eringya's Noxious Bog    Tmut/Pois      4%         N/A       100%        6
 Simulacrum               Ice/Necr       11%        N/A       100%        6
 Summon Cactus Giant      Summ           4%         N/A       100%        6
 Dragon Form              Tmut           4%         N/A       100%        7
 Enfeeble                 Hex            4%         N/A       100%        7
 Monstrous Menagerie      Summ           4%         N/A       100%        7
 Ozocubu's Refrigeration  Ice            17%        4d11      100%        7
 Summon Hydra             Summ           4%         N/A       100%        7
 Borgnjor's Revivificati  Necr           4%         N/A       100%        8
 Discord                  Hex            4%         N/A       100%        8
 Disjunction              Tloc           8%         N/A       100%        8
 Lehudib's Crystal Spear  Conj/Erth      16%        10d5      100%        8
 Chain Lightning          Conj/Air       44%        3d58      100%        9
 Dragon's Call            Summ           4%         N/A       100%        9
 Fire Storm               Conj/Fire      16%        8d4       100%        9
 Polar Vortex             Ice            17%        N/A       100%        9
 Shatter                  Erth           4%         3d8*      100%        9


Dungeon Overview and Level Annotations

Branches:
Dungeon (15/15)            Temple (0/1) D:6            Lair (5/5) D:10
 Shoals (4/4) Lair:2       Spider (4/4) Lair:3        Slime (5/5) Lair:5
    Orc (2/2) D:11            Elf (3/3) Orc:2        Vaults (3/5) D:14
  Crypt (0/3) Vaults:3     Depths (4/4) D:15            Zot (1/5) Depths:4
 Bailey (visited)           IceCv (visited)         Desolation (visited)
Gauntlet (visited)

Altars:
Cheibriados
Elyvilon
Fedhas
Hepliaklqana
Kikubaaqudgha
Makhleb
Qazlal
Ru
Trog
Uskayaw
Vehumet
Wu Jian
Xom
Yredelemnul
Zin
The Shining One
Jiyva

Shops:
D:9 [   D:11 (   Orc:2 [!!=!   Elf:2 ::   Elf:3 **

Portals:
Hell: Depths:1 Depths:2 Depths:4
Pandemonium: Depths:2 Depths:4
Ziggurat: Depths:4

Annotations:
D:7 3 runed translucent doors, Pokonic1's ghost, novice DsFi
D:8 2 transporters
Spider:4 exclusion: 3 doors
Slime:5 Royal Jelly
Elf:2 2 transporters, Newt's ghost, adept KoHu
Vaults:1 1 runed translucent door, KidAlby's ghost, journeyman MiFi


Innate Abilities, Weirdness & Mutations

You have a beak for a mouth.
You have claws for feet.
Your magical nature lets you fly swiftly and evasively.
Your flesh is almost immune to the effects of heat. (rF+++)
You are very robust. (+20% HP)
Your thick and shaggy fur keeps you warm. (AC +3, rC+)
Your body has grown eyes which may confuse attackers. (Acc +3)
Armour fits poorly on your massive pseudopods.
You have a small jelly attached to you that may absorb projectiles.


Message History

The purple draconian shifter blinks!
The walls burn the yellow draconian annihilator!
The yellow draconian annihilator misses you.
The walls burn the yellow draconian annihilator!
The yellow draconian annihilator hits you with a +0 long sword.
* * * LOW HITPOINT WARNING * * *
Unknown command.
As you read the scroll of fear, it crumbles to dust.
You assume a fearsome visage.
The black draconian looks frightened!
The purple draconian resists with some effort.
The red draconian scorcher looks frightened!
The black draconian knight looks frightened!
The yellow draconian annihilator looks frightened! x2
The black draconian looks frightened!
The storm dragon resists with some effort.
The wall burns the black draconian knight!
Your attack snaps the black draconian knight out of its fear.
The black draconian knight breathes lightning at you.
The bolt of lightning misses you.
The bolt of lightning hits the storm dragon.
The storm dragon completely resists.
The wall burns the storm dragon!
The storm dragon bites you!
* * * LOW HITPOINT WARNING * * *
The storm dragon closely misses you. The storm dragon misses you.
The walls burn the black draconian!
Your attack snaps the black draconian out of its fear.
The black draconian hits you with a +0 war axe.
* * * LOW HITPOINT WARNING * * *
The wall burns the purple draconian!
The purple draconian hits you with a +0 trident!
* * * LOW HITPOINT WARNING * * *
The walls burn the yellow draconian annihilator!
Your attack snaps the yellow draconian annihilator out of its fear.
The yellow draconian annihilator hits you with a +0 long sword.
* * * LOW HITPOINT WARNING * * *
The walls burn the yellow draconian annihilator!
Your attack snaps the yellow draconian annihilator out of its fear.
The yellow draconian annihilator gestures at you while chanting.
The crystal spear hits you!!!
You die...

### ##.## ##...## ##....)##
##.......## ##qD))#..).##
##d@d)###....## ##.q.q##
##....## ##..)q§#***##....##
*#...:§.#*,**##....#*
*#...d..§#,,,**#q....#*
*#........$,,,,*#......#*
*#..........q,,,,#.......#
**..........q..,,,....^....
**,,...........#.,...(......


You could see a black draconian knight (fast, invisible, catching breath), a
storm dragon, 2 draconians, a purple draconian, a purple draconian shifter, 2
draconians and a red draconian scorcher (fleeing).

Vanquished Creatures
  Mara (Spider:3)
  Saint Roka (Depths:2)
  4 caustic shrikes
  A golden dragon (Depths:4)
  Arachne (Spider:3)
  2 bone dragons (Depths:4)
  5 tentacled monstrosities
  A lich (Depths:1)
  A walking earthen tome (Depths:2)
  2 deep elf blademasters
  A deep elf master archer (Elf:3)
  3 sphinxes
  A quicksilver dragon (Zot:1)
  A kraken (Shoals:3)
  Frances (D:14)
  4 tengu reavers
  The ghost of olddryhag the Swashbuckler, an adept MfGl of Uskayaw (Spider:2)
  A storm dragon (Shoals:4)
  Donald (Spider:2)
  Kirke (Elf:1)
  6 fire giants
  6 vault wardens
  Aizul (Vaults:1)
  3 emperor scorpions
  An imperial myrmidon (Desolation)
  7 frost giants
  2 draconian scorchers
  2 deep elf elementalists (Elf:3)
  2 deep elf sorcerers (Elf:3)
  6 ghost moths
  A juggernaut zombie (Depths:2)
  Louise (Shoals:4)
  8 ironbound preservers
  12 very ugly things
  A draconian stormcaller (Depths:4)
  2 orc warlords
  14 stone giants
  2 spriggan defenders (Depths:2)
  A broodmother (Spider:2)
  Nessos (Lair:5)
  An ironbound thunderhulk (Vaults:3)
  3 vampire knights
  3 green draconians
  2 black draconians
  5 white draconians
  2 red draconians
  3 spark wasps
  A lorocyproca (Depths:2)
  2 deep elf demonologists (Elf:3)
  A halazid warlock (Desolation)
  5 purple draconians
  10 deep elf annihilators
  15 dire elephants
  A minotaur (Gauntlet)
  Snorg (D:12)
  12 merfolk impalers
  8 deep elf death magi
  7 ettins
  5 fire dragons
  5 deep elf high priests
  8 entropy weavers
  3 crystal guardians (Desolation)
  4 merfolk javelineers (Shoals:4)
  9 servants of whispers (Desolation)
  8 yaktaur captains
  7 ice dragons
  4 ragged hierophants (Desolation)
  3 hydras
  A spriggan air mage (Depths:2)
  3 catoblepae
  9 peacekeepers
  4 vault guards (Vaults:2)
  3 radroaches
  6 merfolk avatars
  2 rakshasas
  6 jorogumos
  4 ogre magi
  20 centaur warriors
  4 merfolk aquamancers (Shoals:4)
  2 alligator snapping turtles
  10 ironbound frosthearts
  10 boulder beetles
  30 dancing weapons
  2 deep troll shamans
  10 two-headed ogres
  A vampire mage (Depths:2)
  A satyr (Shoals:4)
  A death knight (D:15)
  9 tengu warriors
  5 death yaks
  10 deep troll earth magi
  5 hell knights
  16 deep elf knights
  4 spriggan berserkers (Depths:2)
  A titan zombie (Depths:2)
  2 sun demons (Depths:2)
  6 iron trolls
  2 skysharks
  8 pharaoh ants
  5 sun moths
  4 skeletal warriors
  An orange crystal statue (IceCv)
  6 sea snakes
  11 orb spiders
  12 deep elf archers
  5 steelbarb worms
  A phantasmal warrior (Vaults:3)
  16 deep trolls
  6 lindwurms
  5 necromancers
  7 wizards
  9 ironbound convokers
  6 orc sorcerers
  An orc knight (Orc:2)
  26 deep elf pyromancers
  40 deep elf zephyrmancers
  31 harpies
  60 ugly things
  A salamander (Depths:3)
  6 oklob plants
  2 cyclopes
  20 manticores
  21 wolf spiders
  A moth of wrath (Spider:2)
  11 fauns
  15 elephants
  14 merfolk sirens
  7 black mambas
  An iron dragon skeleton (Depths:2)
  An orange demon (Depths:2)
  9 water nymphs
  12 vault sentinels
  A molten gargoyle (Desolation)
  3 naga magi (D:15)
  15 cane toads
  A gargoyle (D:11)
  5 torpor snails
  2 centaur skeletons (D:15)
  9 demonic crawlers
  20 rime drakes
  4 kobold demonologists
  4 freezing wraiths
  An efreet (D:14)
  6 komodo dragons
  5 tengu conjurers
  23 yaktaurs
  10 merfolk
  9 meliai
  19 polar bears
  A queen bee (Spider:3)
  33 tarantellas
  A hornet (Lair:3)
  6 trolls
  14 wind drakes
  19 blink frogs
  20 dream sheep
  11 snapping turtles
  44 saltlings (Desolation)
  Sigmund (D:2)
  33 jumping spiders
  4 centaur simulacra
  9 air elementals
  20 culicivoras
  20 water elementals
  56 yaks
  A ynoxinul (Depths:2)
  3 wyverns
  A yak (shapeshifter) (D:14)
  A shadow (D:13)
  3 humans (Elf:1)
  6 basilisks
  2 hogs (Elf:1)
  2 wraiths
  2 fire elementals (Elf:1)
  9 vampire mosquitoes
  46 redbacks
  A harpy simulacrum (Gauntlet)
  An acid dragon (D:8)
  5 wargs
  18 water moccasins
  24 orc warriors
  2 sky beasts
  5 ice beasts
  5 black bears
  14 ogres
  6 boggarts (Vaults:1)
  7 wolves
  8 centaurs
  A phantom (D:5)
  2 kobold brigands
  19 bullfrogs
  2 scorpions
  2 earth elementals
  A gnoll sergeant (D:13)
  A hornet simulacrum (Gauntlet)
  A water moccasin zombie (D:7)
  21 killer bees
  9 electric eels
  A jelly (Spider:4)
  10 howler monkeys
  3 centaur zombies
  2 bullfrog zombies (D:7)
  16 orc priests
  A gnoll bouda (D:8)
  2 hounds (D:7)
  25 orc wizards
  A sleepcap (D:3)
  8 hell rats
  2 killer bee zombies (D:7)
  A mummy (D:7)
  A howler monkey zombie (D:7)
  10 gnolls
  11 adders
  7 river rats (Lair:2)
  2 white imps
  An ufetubus (D:5)
  3 worms
  67 orcs
  10 ball pythons
  8 giant cockroaches
  11 goblins
  15 hobgoblins
  18 kobolds
  3 quokkas
  2 bats (D:3)
  A frilled lizard (D:1)
  12 rats
  A pillar of salt (Desolation)
  4 tentacles (Shoals:3)
1740 creatures vanquished.

Vanquished Creatures (collateral kills)
  A radroach (Spider:4)
  A pharaoh ant (Spider:4)
  An orc sorcerer (Orc:2)
  A cane toad (Lair:5)
  2 dream sheep (Lair:5)
  A jumping spider (Spider:4)
  A wyvern (Lair:5)
  A redback (Spider:4)
  An orc warrior (D:7)
  An orc wizard (Orc:2)
  A ball lightning (Desolation)
12 creatures vanquished.

Vanquished Creatures (others)
  A sphinx (Vaults:3)
  5 very ugly things
  An entropy weaver (shapeshifter) (Elf:2)
  3 great orbs of eyes
  An ogre mage (Orc:2)
  A vampire mage (Depths:3)
  2 death yaks (Lair:5)
  A skeletal warrior (D:13)
  A deep elf knight (Elf:2)
  A wizard (D:14)
  An orc sorcerer (Orc:2)
  A shining eye (shapeshifter) (Vaults:2)
  An ugly thing (Depths:1)
  A rime drake (IceCv)
  3 yaktaurs
  A troll (Orc:2)
  11 slime creatures
  2 slime creatures (shapeshifter)
  A water elemental (Elf:2)
  A redback (Spider:4)
  A swamp worm (shapeshifter) (Depths:1)
  An orc warrior (Bailey)
  A phantom (D:5)
  179 jellies
  4 orc wizards
  An iguana (D:5)
  A gnoll (D:8)
  2 adders
  2 river rats (Lair:2)
  A dart slug (D:4)
  5 orcs
  2 endoplasms (D:3)
  A giant cockroach (D:1)
  A goblin (Bailey)
  2 kobolds
  A ball python (D:2)
  A bat (D:1)
  A frilled lizard (D:2)
  A rat (D:3)
  98 ball lightnings
  A butterfly (Lair:1)
  2 demonic plants (D:6)
  48 fungi
  A pillar of salt (Desolation)
  218 plants
  4 tentacles (Shoals:3)
  2 withered plants (Desolation)
622 creatures vanquished.

Grand Total: 2374 creatures vanquished

Notes
Turn   | Place    | Note
-------+----------+-------------------------------------------
     0 | D:1      | Monkooky the Tengu Hunter began the quest for the Orb.
     0 | D:1      | Reached XP level 1. HP: 12/12 MP: 2/2
    38 | D:1      | You fall into a shaft and drop 1 floor!
    41 | D:2      | Identified the +0 robe "Ronatren" {rPois rN+ Will- Stlth+}
    57 | D:2      | Reached skill level 5 in Ranged Weapons
    57 | D:2      | Reached XP level 2. HP: 17/17 MP: 3/3
    88 | D:2      | Found a faded altar of an unknown god.
   100 | D:2      | Prayed at the altar of an unknown god.
   100 | D:2      | Became a worshipper of Jiyva Jevvocw the Shapeless
   100 | D:2      | Reached * piety under Jiyva
   181 | D:2      | Noticed Sigmund
   187 | D:2      | Killed Sigmund
   188 | D:2      | Reached XP level 3. HP: 10/21 MP: 4/4
   188 | D:2      | Reached XP level 4. HP: 12/26 MP: 5/5
   188 | D:2      | Gained mutation: Your magical nature lets you fly swiftly
                  | and evasively. [Tengu growth]
   188 | D:2      | Reached XP level 5. HP: 14/30 MP: 6/6
   318 | D:1      | Reached ** piety under Jiyva
   517 | D:1      | Learned a level 3 spell: Swiftness
   594 | D:1      | Reached XP level 6. HP: 35/35 MP: 7/7
   972 | D:2      | Reached skill level 1 in Air Magic
   990 | D:2      | Reached skill level 2 in Air Magic
  1229 | D:3      | Reached *** piety under Jiyva
  1278 | D:3      | Reached skill level 3 in Air Magic
  1355 | D:3      | Gained mutation: Your melee attacks may engulf your foes in
                  | ooze. [Jiyva's grace]
  1355 | D:3      | Gained mutation: Your mind is acute. (Int +4, Str/Dex -1)
                  | [Jiyva's grace]
  1355 | D:3      | Gained mutation: Your mind is very acute. (Int +8, Str/Dex
                  | -2) [Jiyva's grace]
  1355 | D:3      | Gained mutation: You are covered in slimy tendrils that may
                  | disarm your opponents. [Jiyva's grace]
  1682 | D:4      | Found a shimmering altar of Xom.
  1737 | D:4      | Reached **** piety under Jiyva
  1772 | D:4      | Found a bloodstained altar of Trog.
  1905 | D:4      | Reached skill level 4 in Air Magic
  1909 | D:4      | Reached skill level 1 in Spellcasting
  1966 | D:4      | Reached XP level 7. HP: 40/40 MP: 9/9
  1978 | D:4      | Found a blossoming altar of Fedhas.
  1978 | D:4      | Found an ornate altar of the Wu Jian Council.
  1979 | D:4      | Found a burning altar of Makhleb.
  2344 | D:5      | Entered Level 5 of the Dungeon
  2797 | D:5      | Found a hazy altar of Hepliaklqana.
  2948 | D:5      | Reached ***** piety under Jiyva
  3114 | D:6      | Reached XP level 8. HP: 15/44 MP: 7/10
  3115 | D:6      | Reached skill level 10 in Ranged Weapons
  3222 | D:6      | Found a white marble altar of Elyvilon.
  3285 | D:6      | Lost mutation: Your mind is very acute. (Int +8, Str/Dex
                  | -2) [Jiyva's grace]
  3285 | D:6      | Lost mutation: You are covered in slimy tendrils that may
                  | disarm your opponents. [Jiyva's grace]
  3285 | D:6      | Gained mutation: Your flesh is heat resistant. (rF+)
                  | [Jiyva's grace]
  3285 | D:6      | Gained mutation: Your flesh is very heat resistant. (rF++)
                  | [Jiyva's grace]
  3285 | D:6      | Gained mutation: Your flesh is almost immune to the effects
                  | of heat. (rF+++) [Jiyva's grace]
  3285 | D:6      | Gained mutation: Your translucent skin slightly reduces
                  | your foes' accuracy. (Stealth+) [Jiyva's grace]
  3517 | D:6      | Found a staircase to the Ecumenical Temple.
  3783 | D:7      | Found a runed translucent gate.
  3783 | D:7      | Found a runed translucent gate.
  3783 | D:7      | Found a runed translucent gate.
  3784 | D:7      | Noticed a kobold demonologist
  3788 | D:7      | Noticed Pokonic1's ghost (novice DsFi)
  3840 | D:7      | Reached XP level 9. HP: 50/50 MP: 11/11
  3919 | D:7      | Found a basalt altar of Yredelemnul.
  3948 | D:7      | Found a glowing golden altar of the Shining One.
  4050 | D:7      | Reached skill level 5 in Dodging
  4074 | D:7      | Found a glowing silver altar of Zin.
  4092 | D:7      | Found a snail-covered altar of Cheibriados.
  4723 | D:8      | Reached skill level 5 in Fighting
  4754 | D:8      | Found a transporter.
  4760 | D:8      | Found a transporter.
  4782 | D:8      | Found a transporter.
  4790 | D:8      | Found a transporter.
  4871 | D:8      | Noticed a red ugly thing
  4892 | D:8      | Killed a red ugly thing
  4893 | D:8      | Reached XP level 10. HP: 50/60 MP: 12/12
  4908 | D:8      | Noticed a centaur warrior
  4927 | D:8      | Killed a centaur warrior
  5066 | D:8      | Noticed a centaur warrior
  5069 | D:8      | Reached skill level 10 in Dodging
  5073 | D:8      | Killed a centaur warrior
  5324 | D:9      | Reached XP level 11. HP: 35/67 MP: 13/13
  5484 | D:9      | Found Wuge's Armour Shoppe.
  5515 | D:9      | Lost mutation: Your mind is acute. (Int +4, Str/Dex -1)
                  | [Jiyva's grace]
  5515 | D:9      | Lost mutation: Your flesh is almost immune to the effects
                  | of heat. (rF+++) [Jiyva's grace]
  5515 | D:9      | Lost mutation: Your melee attacks may engulf your foes in
                  | ooze. [Jiyva's grace]
  5515 | D:9      | Gained mutation: You possess an exceptional clarity of
                  | mind. [Jiyva's grace]
  5515 | D:9      | Gained mutation: You have a small jelly attached to you
                  | that may absorb projectiles. [Jiyva's grace]
  5515 | D:9      | Gained mutation: Your body has grown eyes which may confuse
                  | attackers. (Acc +3) [Jiyva's grace]
  5515 | D:9      | Gained mutation: Your body has grown many eyes which may
                  | confuse attackers. (Acc +5) [Jiyva's grace]
  5518 | D:9      | Found a sacrificial altar of Ru.
  5728 | D:9      | Noticed a cyclops
  5738 | D:9      | Killed a cyclops
  5904 | D:9      | Noticed a deep elf zephyrmancer
  5914 | D:9      | Killed a deep elf zephyrmancer
  6018 | D:10     | Entered Level 10 of the Dungeon
  6063 | D:10     | Found a hide-covered altar of Uskayaw.
  6151 | D:10     | Found a stormy altar of Qazlal.
  6233 | D:10     | Found a staircase to the Lair.
  6270 | D:10     | Noticed a two-headed ogre
  6282 | D:10     | Killed a two-headed ogre
  6448 | D:10     | Found a flagged portal.
  6471 | Bailey   | Entered a bailey
  6764 | Bailey   | Acquired a +1 longbow of flaming
  6839 | Bailey   | Found an iron altar of Okawaru.
  6884 | Bailey   | Noticed a sixfirhy
  6939 | Bailey   | Identified the +1 rapier "Pendulum" {holy, *Slow rPois rF++
                  | Will+}
  7565 | Lair:1   | Entered Level 1 of the Lair of Beasts
  7714 | Lair:1   | Reached skill level 15 in Ranged Weapons
  7714 | Lair:1   | Reached XP level 12. HP: 73/73 MP: 14/14
  7761 | Lair:1   | Lost mutation: You possess an exceptional clarity of mind.
                  | [Jiyva's grace]
  7761 | Lair:1   | Lost mutation: Your flesh is very heat resistant. (rF++)
                  | [Jiyva's grace]
  7761 | Lair:1   | Lost mutation: Your flesh is heat resistant. (rF+) [Jiyva's
                  | grace]
  7761 | Lair:1   | Lost mutation: Your body has grown many eyes which may
                  | confuse attackers. (Acc +5) [Jiyva's grace]
  7761 | Lair:1   | Lost mutation: Your translucent skin slightly reduces your
                  | foes' accuracy. (Stealth+) [Jiyva's grace]
  7761 | Lair:1   | Gained mutation: Your body has grown many eyes which may
                  | confuse attackers. (Acc +5) [Jiyva's grace]
  7761 | Lair:1   | Gained mutation: Your body is covered in eyes which may
                  | confuse attackers. (Acc +7, SInv) [Jiyva's grace]
  7761 | Lair:1   | Gained mutation: You passively dampen the noise of your
                  | surroundings. [Jiyva's grace]
  7761 | Lair:1   | Gained mutation: You expend magic power (3 MP) to
                  | strengthen your wands. [Jiyva's grace]
  7764 | Lair:1   | Noticed a death yak
  7765 | Lair:1   | Noticed a death yak
  7818 | Lair:1   | Reached ****** piety under Jiyva
  7858 | Lair:1   | Killed a death yak
  7867 | Lair:1   | Killed a death yak
  8550 | Lair:2   | Found a staircase to the Shoals.
  8735 | Lair:2   | Reached XP level 13. HP: 78/78 MP: 15/15
  9255 | Lair:3   | You are sucked into a shaft and drop 2 floors!
  9255 | Lair:5   | Entered Level 5 of the Lair of Beasts
  9255 | Lair:5   | Lost mutation: You have a small jelly attached to you that
                  | may absorb projectiles. [Jiyva's grace]
  9255 | Lair:5   | Lost mutation: You passively dampen the noise of your
                  | surroundings. [Jiyva's grace]
  9255 | Lair:5   | Gained mutation: Your rubbery body absorbs attacks. (AC +1,
                  | EV +1) [Jiyva's grace]
  9255 | Lair:5   | Gained mutation: Your pliable body absorbs attacks. (AC +2,
                  | EV +2) [Jiyva's grace]
  9255 | Lair:5   | Gained mutation: Your gelatinous body deflects attacks. (AC
                  | +3, EV +3) [Jiyva's grace]
  9255 | Lair:5   | Gained mutation: Your mind is acute. (Int +4, Str/Dex -1)
                  | [Jiyva's grace]
  9283 | Lair:5   | Found a staircase to the Slime Pits.
  9283 | Lair:5   | Found a viscous altar of Jiyva.
  9293 | Lair:5   | Noticed Nessos
  9406 | Lair:5   | Found an ornate altar of the Wu Jian Council.
  9406 | Lair:5   | Found a hide-covered altar of Uskayaw.
  9436 | Lair:5   | Reached skill level 10 in Fighting
  9594 | Lair:5   | Reached skill level 1 in Armour
  9672 | Lair:5   | Reached skill level 5 in Armour
  9672 | Lair:5   | Reached XP level 14. HP: 60/88 MP: 16/16
  9692 | Lair:5   | Noticed a dire elephant
  9751 | Lair:5   | Identified the staff of death "Icris" {rPois rC+ rN+ Int+2}
  9763 | Lair:5   | Killed a dire elephant
 10163 | Lair:5   | Killed Nessos
 10296 | Slime:1  | Entered Level 1 of the Pits of Slime
 10347 | Slime:2  | Noticed an acid blob
 10476 | Slime:3  | Noticed an acid blob
 10485 | Slime:4  | Noticed a quicksilver ooze
 10485 | Slime:4  | Noticed a quicksilver ooze
 10491 | Slime:5  | Entered Level 5 of the Pits of Slime
 10491 | Slime:5  | Noticed an acid blob
 10509 | Slime:5  | Noticed a quicksilver ooze
 10510 | Slime:5  | Found a viscous altar of Jiyva.
 10511 | Slime:5  | Noticed an acid blob
 10511 | Slime:5  | Noticed an acid blob
 10512 | Slime:5  | Noticed an acid blob
 10512 | Slime:5  | Noticed an acid blob
 10513 | Slime:5  | Noticed a quicksilver ooze
 10514 | Slime:5  | Noticed an acid blob
 10514 | Slime:5  | Noticed the Royal Jelly
 10515 | Slime:5  | Found the +15 Maxwell's patent armour {-Cast -Tele rElec
                  | Will+ rCorr}
 10516 | Slime:5  | Found the +2 hat of the Bear Spirit {Spirit, Bear, *Rage
                  | Will++}
 10517 | Slime:5  | Noticed a rockslime
 10522 | Slime:5  | Identified the amulet "Dyudghyce" {Reflect rElec Str+2
                  | SH+5}
 10541 | Slime:5  | Got a slimy rune of Zot
 10570 | Slime:5  | Identified the +0 rapier "Ofuhachue" {flame, rN++}
 10571 | Slime:5  | Identified the +3 flail of Gehenna {holy, MP+9}
 10582 | Slime:5  | Identified the +1 halberd of Esootur {venom, Will+ rCorr}
 10584 | Slime:5  | Identified the +6 chain mail "Zuan" {rC+++ Will- Str-5
                  | Stlth+}
 10595 | Slime:5  | Identified the +8 war axe "Lauciu" {drain, Contam Will+++
                  | Str-2 Stlth+}
 10602 | Slime:5  | Noticed a quicksilver ooze
 10975 | Lair:4   | Reached skill level 1 in Evocations
 11383 | Lair:4   | Lost mutation: Your body is covered in eyes which may
                  | confuse attackers. (Acc +7, SInv) [Jiyva's grace]
 11383 | Lair:4   | Lost mutation: Your body has grown many eyes which may
                  | confuse attackers. (Acc +5) [Jiyva's grace]
 11383 | Lair:4   | Lost mutation: Your gelatinous body deflects attacks. (AC
                  | +3, EV +3) [Jiyva's grace]
 11383 | Lair:4   | Gained mutation: You are covered in fur. (AC +1) [Jiyva's
                  | grace]
 11383 | Lair:4   | Gained mutation: You are covered in thick fur. (AC +2)
                  | [Jiyva's grace]
 11383 | Lair:4   | Gained mutation: Your thick and shaggy fur keeps you warm.
                  | (AC +3, rC+) [Jiyva's grace]
 11383 | Lair:4   | Gained mutation: Your skin changes colour to match your
                  | surroundings (Stealth+). [Jiyva's grace]
 11848 | Lair:3   | Found a hole to the Spider Nest.
 11869 | Lair:3   | Reached skill level 5 in Evocations
 12811 | D:11     | Found Largh's Weapon Shoppe.
 13046 | D:11     | Found a staircase to the Orcish Mines.
 13426 | Orc:1    | Entered Level 1 of the Orcish Mines
 13426 | Orc:1    | Noticed an orc warlord
 13455 | Orc:1    | Killed an orc warlord
 13479 | Orc:1    | Reached XP level 15. HP: 94/94 MP: 17/17
 13594 | Orc:1    | Lost mutation: Your thick and shaggy fur keeps you warm.
                  | (AC +3, rC+) [Jiyva's grace]
 13594 | Orc:1    | Lost mutation: You are covered in thick fur. (AC +2)
                  | [Jiyva's grace]
 13594 | Orc:1    | Gained mutation: You have hidden genetic potential.
                  | [Jiyva's grace]
 13594 | Orc:1    | Gained mutation: You have great hidden genetic potential.
                  | [Jiyva's grace]
 13594 | Orc:1    | Gained mutation: You are partially covered in iridescent
                  | scales. (AC +2) [Jiyva's grace]
 13594 | Orc:1    | Gained mutation: You are mostly covered in iridescent
                  | scales. (AC +4) [Jiyva's grace]
 13765 | Orc:2    | Entered Level 2 of the Orcish Mines
 13765 | Orc:2    | Found Ifreinam's Distillery.
 13765 | Orc:2    | Found a gate leading to a gauntlet.
 13897 | Orc:2    | Found a staircase to the Elven Halls.
 14065 | Gauntlet | Entered a Gauntlet
 14065 | Gauntlet | Found a transporter.
 14074 | Gauntlet | Found a transporter.
 14091 | Gauntlet | Found a transporter.
 14095 | Gauntlet | Found a transporter.
 14116 | Gauntlet | Found a transporter.
 14129 | Gauntlet | Found a transporter.
 14131 | Gauntlet | Noticed a balrug
 14143 | Gauntlet | Found a transporter.
 14170 | Gauntlet | Found a transporter.
 14170 | Gauntlet | Found a transporter.
 14262 | Gauntlet | Found a transporter.
 14347 | Gauntlet | Identified the ring of Midnight {Fly rF+ rN+ Stlth-}
 14367 | Gauntlet | Identified the +8 broad axe of Jeahen {venom, rPois rF+
                  | rCorr}
 14384 | Gauntlet | Identified the staff of fire "Hiqio" {rElec rF+ Stlth+}
 14726 | Orc:2    | Lost mutation: You are mostly covered in iridescent scales.
                  | (AC +4) [Jiyva's grace]
 14726 | Orc:2    | Lost mutation: Your body has grown eyes which may confuse
                  | attackers. (Acc +3) [Jiyva's grace]
 14726 | Orc:2    | Lost mutation: You have great hidden genetic potential.
                  | [Jiyva's grace]
 14726 | Orc:2    | Gained mutation: You are covered in thick fur. (AC +2)
                  | [Jiyva's grace]
 14726 | Orc:2    | Gained mutation: Your thick and shaggy fur keeps you warm.
                  | (AC +3, rC+) [Jiyva's grace]
 14726 | Orc:2    | Gained mutation: You have a somewhat thin skeletal
                  | structure. (Dex +2, Stealth+) [Jiyva's grace]
 14726 | Orc:2    | Gained mutation: You have a moderately thin skeletal
                  | structure. (Dex +4, Stealth++) [Jiyva's grace]
 14758 | Orc:2    | Found Koag's Antique Armour Shoppe.
 14785 | Orc:2    | Found Oczeufin's Distillery.
 14804 | Orc:2    | Found a radiant altar of Vehumet.
 14813 | Orc:2    | Reached skill level 5 in Stealth
 14851 | Orc:2    | Found Coshrawy's Distillery.
 14881 | Orc:2    | Found Yrososyg's Jewellery Shoppe.
 14916 | Orc:2    | Found an ancient bone altar of Kikubaaqudgha.
 15233 | Orc:2    | Bought 2 potions of haste for 200 gold pieces
 15233 | Orc:2    | Bought a potion of berserk rage for 50 gold pieces
 15261 | Elf:1    | Entered Level 1 of the Elven Halls
 15311 | Orc:2    | Reached skill level 15 in Dodging
 15480 | Elf:1    | Reached skill level 5 in Air Magic
 15483 | Elf:1    | Reached skill level 6 in Air Magic
 15505 | Elf:1    | Reached skill level 7 in Air Magic
 15527 | Elf:1    | Reached skill level 8 in Air Magic
 15570 | Elf:1    | Noticed Kirke
 15582 | Elf:1    | Killed Kirke
 15665 | Elf:1    | Reached skill level 9 in Air Magic
 15718 | Elf:1    | Reached skill level 10 in Air Magic
 15817 | Elf:1    | Reached skill level 11 in Air Magic
 15818 | Elf:1    | Reached XP level 16. HP: 101/101 MP: 18/18
 15937 | Elf:1    | Learned a level 5 spell: Arcjolt
 15942 | Elf:1    | Learned a level 4 spell: Airstrike
 16165 | Elf:1    | Reached skill level 1 in Conjurations
 16165 | Elf:1    | Reached skill level 12 in Air Magic
 16287 | Elf:2    | Found Kutzaull's Vocational Training.
 16314 | Elf:2    | Paralysed by an air elemental for 1 turns
 16367 | Elf:2    | Found Ara Faf's Tremendous Tomes.
 16428 | Elf:2    | Noticed Newt's ghost (adept KoHu)
 16437 | Elf:2    | Found a transporter.
 16496 | Elf:2    | Found a transporter.
 16835 | Elf:2    | Found a huge runed translucent gate.
 16835 | Elf:2    | Found a huge runed translucent gate.
 16835 | Elf:2    | Found a huge runed translucent gate.
 16839 | Elf:2    | Found a huge runed translucent gate.
 16842 | Elf:2    | Found a huge runed translucent gate.
 16853 | Elf:2    | Reached skill level 13 in Air Magic
 17011 | Elf:2    | Lost mutation: Your mind is acute. (Int +4, Str/Dex -1)
                  | [Jiyva's grace]
 17011 | Elf:2    | Gained mutation: You have great hidden genetic potential.
                  | [Jiyva's grace]
 17011 | Elf:2    | Gained mutation: Your mind is acute. (Int +4, Str/Dex -1)
                  | [Jiyva's grace]
 17011 | Elf:2    | Gained mutation: Your mind is very acute. (Int +8, Str/Dex
                  | -2) [Jiyva's grace]
 17011 | Elf:2    | Gained mutation: You have a small jelly attached to you
                  | that senses nearby items. [Jiyva's grace]
 17038 | Elf:2    | Learned a level 5 spell: Freezing Cloud
 17171 | Elf:2    | Reached skill level 5 in Conjurations
 17171 | Elf:2    | Reached skill level 1 in Ice Magic
 17178 | Elf:2    | Noticed a deep elf blademaster
 17195 | Elf:2    | Killed a deep elf blademaster
 17279 | Elf:2    | Reached skill level 14 in Air Magic
 17449 | Elf:3    | Entered Level 3 of the Elven Halls
 17689 | Elf:3    | Found Yjynlop's General Store.
 17736 | Elf:3    | Bought a scroll of blinking for 112 gold pieces
 17736 | Elf:3    | Bought a scroll of blinking for 112 gold pieces
 17757 | Elf:3    | Found a radiant altar of Vehumet.
 17885 | Elf:3    | Found Qadompof's Gadget Gallery.
 18006 | Elf:3    | Reached XP level 17. HP: 106/106 MP: 24/24
 18107 | Elf:3    | Noticed a deep elf blademaster
 18109 | Elf:3    | Reached skill level 15 in Air Magic
 18114 | Elf:3    | Killed a deep elf blademaster
 18118 | Elf:3    | Gained mutation: Your skin blends seamlessly with your
                  | surroundings (Stealth++). [hidden potential]
 18155 | Elf:3    | Noticed a deep elf master archer
 18162 | Elf:3    | Killed a deep elf master archer
 18167 | Elf:3    | Reached skill level 5 in Spellcasting
 18236 | Elf:3    | Killed a ghostly deep elf master archer
 18308 | Elf:3    | Identified the staff of poison "Syop" {rElec rPois Str+4}
 18327 | Elf:3    | Identified the staff of poison "Doschu" {*Slow rPois rN+++
                  | Will+ rCorr}
 18393 | Elf:3    | Reached skill level 10 in Conjurations
 18407 | Elf:3    | Found the amulet of Vitality {RegenMP++ Regen++}
 18433 | Elf:3    | Got the Collected Works on Evil Cleavage
 18445 | Elf:3    | Identified the +1 dagger "Kunopnid" {heavy, Dex+4}
 18454 | Elf:3    | Identified the +7 hand axe "Xott" {drain, rF+ rC+ Int+5}
 19027 | D:12     | Reached skill level 16 in Air Magic
 19124 | D:12     | Noticed Snorg
 19131 | D:12     | Killed Snorg
 19160 | D:12     | Lost mutation: Your mind is very acute. (Int +8, Str/Dex
                  | -2) [Jiyva's grace]
 19160 | D:12     | Lost mutation: Your mind is acute. (Int +4, Str/Dex -1)
                  | [Jiyva's grace]
 19160 | D:12     | Lost mutation: Your thick and shaggy fur keeps you warm.
                  | (AC +3, rC+) [Jiyva's grace]
 19160 | D:12     | Lost mutation: You have great hidden genetic potential.
                  | [Jiyva's grace]
 19160 | D:12     | Gained mutation: Your mind is acute. (Int +4, Str/Dex -1)
                  | [Jiyva's grace]
 19160 | D:12     | Gained mutation: Your mind is very acute. (Int +8, Str/Dex
                  | -2) [Jiyva's grace]
 19160 | D:12     | Gained mutation: Your muscles are strong. (Str +4, Int/Dex
                  | -1) [Jiyva's grace]
 19160 | D:12     | Gained mutation: Your muscles are very strong. (Str +8,
                  | Int/Dex -2) [Jiyva's grace]
 20791 | Shoals:1 | Entered Level 1 of the Shoals
 20813 | Shoals:1 | Reached skill level 17 in Air Magic
 21473 | Shoals:1 | Lost mutation: You have a moderately thin skeletal
                  | structure. (Dex +4, Stealth++) [Jiyva's grace]
 21473 | Shoals:1 | Lost mutation: Your skin blends seamlessly with your
                  | surroundings (Stealth++). [Jiyva's grace]
 21473 | Shoals:1 | Lost mutation: Your mind is very acute. (Int +8, Str/Dex
                  | -2) [Jiyva's grace]
 21473 | Shoals:1 | Lost mutation: You are covered in thick fur. (AC +2)
                  | [Jiyva's grace]
 21473 | Shoals:1 | Gained mutation: Armour fits poorly on your pseudopods.
                  | [Jiyva's grace]
 21473 | Shoals:1 | Gained mutation: Armour fits poorly on your large
                  | pseudopods. [Jiyva's grace]
 21473 | Shoals:1 | Gained mutation: Armour fits poorly on your massive
                  | pseudopods. [Jiyva's grace]
 21473 | Shoals:1 | Gained mutation: Your flesh is heat resistant. (rF+)
                  | [Jiyva's grace]
 21628 | Shoals:2 | Reached skill level 18 in Air Magic
 21741 | Shoals:2 | Reached XP level 18. HP: 112/112 MP: 20/27
 22068 | Shoals:2 | Gained mutation: Your natural rate of healing is unusually
                  | fast. [hidden potential]
 22068 | Shoals:2 | Lost mutation: You have hidden genetic potential. [hidden
                  | potential expressed]
 22457 | Shoals:3 | Learned a level 6 spell: Conjure Ball Lightning
 22466 | Shoals:3 | Learned a level 8 spell: Maxwell's Capacitive Coupling
 22668 | Shoals:3 | Reached skill level 19 in Air Magic
 23066 | Shoals:4 | Entered Level 4 of the Shoals
 23094 | Shoals:4 | Identified the +0 tower shield "Webarut" {Will- Int+2
                  | Dex+3}
 23094 | Shoals:4 | Noticed Louise
 23101 | Shoals:4 | Killed Louise
 23103 | Shoals:4 | Paralysed by an air elemental for 1 turns
 23165 | Shoals:4 | Paralysed by an air elemental for 1 turns
 23400 | Shoals:4 | Paralysed by an air elemental for 1 turns
 23472 | Shoals:4 | Paralysed by an air elemental for 1 turns
 23514 | Shoals:4 | Reached skill level 20 in Air Magic
 23526 | Shoals:4 | Identified the +2 dagger of Vanity {heavy, Str+2}
 23583 | Shoals:4 | Got a barnacled rune of Zot
 23779 | Shoals:4 | Paralysed by an air elemental for 1 turns
 24116 | Spider:1 | Entered Level 1 of the Spider Nest
 24196 | Spider:1 | Lost mutation: You are partially covered in iridescent
                  | scales. (AC +2) [Jiyva's grace]
 24196 | Spider:1 | Lost mutation: You have a somewhat thin skeletal structure.
                  | (Dex +2, Stealth+) [Jiyva's grace]
 24196 | Spider:1 | Lost mutation: Armour fits poorly on your massive
                  | pseudopods. [Jiyva's grace]
 24196 | Spider:1 | Gained mutation: Your gelatinous body deflects attacks. (AC
                  | +3, EV +3) [Jiyva's grace]
 24196 | Spider:1 | Gained mutation: You are robust. (+10% HP) [Jiyva's grace]
 24196 | Spider:1 | Gained mutation: You are very robust. (+20% HP) [Jiyva's
                  | grace]
 24196 | Spider:1 | Gained mutation: You are extremely robust. (+30% HP)
                  | [Jiyva's grace]
 24271 | Spider:1 | Reached XP level 19. HP: 134/150 MP: 22/32
 24446 | Spider:1 | Identified the +5 ring mail of an ossuary {Slay+2}
 24491 | Spider:1 | Upgraded the game from 0.30-a0-1016-gfb0d676c02 to
                  | 0.30-a0-1018-g25214051b3
 26113 | Spider:2 | Found a runed translucent gate.
 26113 | Spider:2 | Noticed olddryhag's ghost (adept MfGl)
 26223 | Spider:2 | Found a runed translucent gate.
 26224 | Spider:2 | Found a runed translucent gate.
 26247 | Spider:2 | Noticed Donald
 26256 | Spider:2 | Killed Donald
 26358 | Spider:2 | Killed olddryhag's ghost
 26391 | Spider:2 | Identified the +7 ring mail "Qontepn" {SInv}
 26583 | Spider:2 | Reached skill level 5 in Ice Magic
 27127 | Spider:3 | Noticed Arachne
 27136 | Spider:3 | Killed Arachne
 27222 | Spider:2 | Reached skill level 21 in Air Magic
 27342 | Spider:3 | Lost mutation: Your skin changes colour to match your
                  | surroundings (Stealth+). [Jiyva's grace]
 27342 | Spider:3 | Lost mutation: You are extremely robust. (+30% HP) [Jiyva's
                  | grace]
 27342 | Spider:3 | Lost mutation: Your muscles are very strong. (Str +8,
                  | Int/Dex -2) [Jiyva's grace]
 27342 | Spider:3 | Lost mutation: Your gelatinous body deflects attacks. (AC
                  | +3, EV +3) [Jiyva's grace]
 27342 | Spider:3 | Lost mutation: Your pliable body absorbs attacks. (AC +2,
                  | EV +2) [Jiyva's grace]
 27342 | Spider:3 | Lost mutation: Your rubbery body absorbs attacks. (AC +1,
                  | EV +1) [Jiyva's grace]
 27342 | Spider:3 | Lost mutation: Armour fits poorly on your large pseudopods.
                  | [Jiyva's grace]
 27342 | Spider:3 | Lost mutation: You have a small jelly attached to you that
                  | senses nearby items. [Jiyva's grace]
 27342 | Spider:3 | Lost mutation: You expend magic power (3 MP) to strengthen
                  | your wands. [Jiyva's grace]
 27342 | Spider:3 | Gained mutation: You have acidic saliva. [Jiyva's grace]
 27342 | Spider:3 | Gained mutation: You passively map a small area around you.
                  | [Jiyva's grace]
 27342 | Spider:3 | Gained mutation: You passively map the area around you.
                  | [Jiyva's grace]
 27342 | Spider:3 | Gained mutation: You passively map a large area around you.
                  | [Jiyva's grace]
 27437 | Spider:3 | Noticed Mara
 27439 | Spider:3 | Noticed Monkooky's illusion
 27446 | Spider:3 | Killed Mara
 27531 | Spider:3 | Reached skill level 22 in Air Magic
 27558 | Spider:3 | Found a frozen archway.
 27562 | IceCv    | Entered an ice cave
 27858 | IceCv    | Reached XP level 20. HP: 96/151 MP: 12/33
 27893 | IceCv    | Got Ymesud's Octavo of Infected Lithomancy
 28855 | Spider:4 | Entered Level 4 of the Spider Nest
 29618 | Spider:4 | Reached skill level 15 in Fighting
 29709 | Spider:4 | Lost mutation: Your mind is acute. (Int +4, Str/Dex -1)
                  | [Jiyva's grace]
 29709 | Spider:4 | Lost mutation: You are covered in fur. (AC +1) [Jiyva's
                  | grace]
 29709 | Spider:4 | Gained mutation: You expend magic power (3 MP) to
                  | strengthen your wands. [Jiyva's grace]
 29709 | Spider:4 | Gained mutation: You are extremely robust. (+30% HP)
                  | [Jiyva's grace]
 29709 | Spider:4 | Gained mutation: Armour fits poorly on your large
                  | pseudopods. [Jiyva's grace]
 29709 | Spider:4 | Gained mutation: Armour fits poorly on your massive
                  | pseudopods. [Jiyva's grace]
 29797 | Spider:4 | Got a gossamer rune of Zot
 30653 | D:14     | Noticed Frances
 30667 | D:14     | Killed Frances
 30708 | D:14     | Found a gate to the Vaults.
 31157 | Vaults:1 | Entered Level 1 of the Vaults
 31219 | Vaults:1 | Reached skill level 10 in Armour
 31369 | Vaults:1 | Identified the +0 ring mail "Unaecexa" {+Inv rC- Int+6}
 31430 | Vaults:1 | Found a runed translucent door.
 31430 | Vaults:1 | Noticed KidAlby's ghost (journeyman MiFi)
 31482 | Vaults:1 | Lost mutation: Your flesh is heat resistant. (rF+) [Jiyva's
                  | grace]
 31482 | Vaults:1 | Lost mutation: You passively map a large area around you.
                  | [Jiyva's grace]
 31482 | Vaults:1 | Lost mutation: You passively map the area around you.
                  | [Jiyva's grace]
 31482 | Vaults:1 | Lost mutation: Your natural rate of healing is unusually
                  | fast. [Jiyva's grace]
 31482 | Vaults:1 | Lost mutation: You are extremely robust. (+30% HP) [Jiyva's
                  | grace]
 31482 | Vaults:1 | Lost mutation: You are very robust. (+20% HP) [Jiyva's
                  | grace]
 31482 | Vaults:1 | Gained mutation: You are covered in fur. (AC +1) [Jiyva's
                  | grace]
 31482 | Vaults:1 | Gained mutation: You are covered in thick fur. (AC +2)
                  | [Jiyva's grace]
 31482 | Vaults:1 | Gained mutation: Your thick and shaggy fur keeps you warm.
                  | (AC +3, rC+) [Jiyva's grace]
 31482 | Vaults:1 | Gained mutation: Your mind is acute. (Int +4, Str/Dex -1)
                  | [Jiyva's grace]
 31637 | Vaults:1 | Noticed Aizul
 31644 | Vaults:1 | Killed Aizul
 31693 | Vaults:1 | Reached XP level 21. HP: 142/149 MP: 15/34
 33652 | Vaults:3 | Was placed under penance by Jiyva
 33807 | Vaults:3 | Got the Vellum of Heavy Kindling
 33813 | Vaults:3 | Was forgiven by Jiyva
 33880 | Vaults:3 | Found a crumbling gateway.
 33890 | Vaults:3 | Got the Anthology of Spores
 33913 | Desolati | Entered the Desolation of Salt
 33968 | Desolati | Lost mutation: You expend magic power (3 MP) to strengthen
                  | your wands. [Jiyva's grace]
 33968 | Desolati | Gained mutation: You have a small jelly attached to you
                  | that may absorb projectiles. [Jiyva's grace]
 33968 | Desolati | Gained mutation: You have a somewhat thin skeletal
                  | structure. (Dex +2, Stealth+) [Jiyva's grace]
 33968 | Desolati | Gained mutation: You have a moderately thin skeletal
                  | structure. (Dex +4, Stealth++) [Jiyva's grace]
 33968 | Desolati | Gained mutation: You have an unnaturally thin skeletal
                  | structure. (Dex +6, Stealth+++) [Jiyva's grace]
 34078 | Desolati | Reached skill level 10 in Spellcasting
 34105 | Desolati | Identified the +6 demon whip of Reason {pain, Will+ Dex+2}
 34106 | Desolati | Identified the +2 leather armour "Gosusest" {SInv}
 34139 | Desolati | Reached skill level 23 in Air Magic
 34262 | Desolati | Found the +6 arbalest "Damnation" {damnation}
 34294 | Desolati | Identified the +7 scimitar of the Flying Gods {protect, rN+
                  | Int+4}
 34307 | Desolati | Got the Vellum of Topology
 34310 | Desolati | Learned a level 1 spell: Apportation
 34316 | Desolati | Learned a level 5 spell: Silence
 34385 | Desolati | Found the +2 Maxwell's thermic engine {flame, freeze, rev}
 34399 | Desolati | Identified the ring "Wytar" {rElec rC+ Will+ Int+5}
 34500 | Desolati | Reached skill level 1 in Translocations
 34507 | Desolati | Identified the +7 scimitar of the Shining Light {flame, rC+
                  | Will+}
 34823 | Vaults:3 | Reached XP level 22. HP: 158/158 MP: 37/37
 34854 | Vaults:3 | Found a staircase to the Crypt.
 35731 | D:15     | Entered Level 15 of the Dungeon
 35925 | D:15     | Found a staircase to the Depths.
 36133 | D:15     | Lost mutation: You have an unnaturally thin skeletal
                  | structure. (Dex +6, Stealth+++) [Jiyva's grace]
 36133 | D:15     | Lost mutation: You have a moderately thin skeletal
                  | structure. (Dex +4, Stealth++) [Jiyva's grace]
 36133 | D:15     | Lost mutation: Your mind is acute. (Int +4, Str/Dex -1)
                  | [Jiyva's grace]
 36133 | D:15     | Lost mutation: You passively map a small area around you.
                  | [Jiyva's grace]
 36133 | D:15     | Lost mutation: You have acidic saliva. [Jiyva's grace]
 36133 | D:15     | Gained mutation: Your flesh is heat resistant. (rF+)
                  | [Jiyva's grace]
 36133 | D:15     | Gained mutation: Your flesh is very heat resistant. (rF++)
                  | [Jiyva's grace]
 36133 | D:15     | Gained mutation: Your flesh is almost immune to the effects
                  | of heat. (rF+++) [Jiyva's grace]
 36133 | D:15     | Gained mutation: Your body has grown eyes which may confuse
                  | attackers. (Acc +3) [Jiyva's grace]
 36794 | Depths:1 | Entered Level 1 of the Depths
 36815 | Depths:1 | Found a stormy altar of Qazlal.
 37133 | Depths:1 | Found a gateway to Hell.
 37375 | Depths:1 | Reached skill level 24 in Air Magic
 37554 | Depths:1 | Found a radiant altar of Vehumet.
 37641 | Depths:1 | Lost mutation: You have a somewhat thin skeletal structure.
                  | (Dex +2, Stealth+) [Jiyva's grace]
 37641 | Depths:1 | Lost mutation: You are robust. (+10% HP) [Jiyva's grace]
 37641 | Depths:1 | Lost mutation: Your muscles are strong. (Str +4, Int/Dex
                  | -1) [Jiyva's grace]
 37641 | Depths:1 | Lost mutation: Armour fits poorly on your massive
                  | pseudopods. [Jiyva's grace]
 37641 | Depths:1 | Lost mutation: Armour fits poorly on your large pseudopods.
                  | [Jiyva's grace]
 37641 | Depths:1 | Gained mutation: Armour fits poorly on your large
                  | pseudopods. [Jiyva's grace]
 37641 | Depths:1 | Gained mutation: Armour fits poorly on your massive
                  | pseudopods. [Jiyva's grace]
 37641 | Depths:1 | Gained mutation: You are robust. (+10% HP) [Jiyva's grace]
 37641 | Depths:1 | Gained mutation: You are very robust. (+20% HP) [Jiyva's
                  | grace]
 37719 | Depths:2 | Noticed Saint Roka
 37729 | Depths:2 | Killed Saint Roka
 37863 | Depths:2 | Reached skill level 25 in Air Magic
 37897 | Depths:2 | Noticed a caustic shrike
 37966 | Depths:2 | Killed a caustic shrike
 38022 | Depths:2 | Reached skill level 1 in Staves
 38022 | Depths:2 | Reached XP level 23. HP: 180/180 MP: 33/38
 38084 | Depths:2 | Identified the +0 ring mail of Pandemonium {rF+ rC++ Regen+
                  | rCorr}
 38094 | Depths:2 | Got Denwilits's Almanac of Frost and the Spider
 38097 | Depths:2 | Identified the +2 pair of boots of the Forging Gods
                  | {Rampage rN++ Stlth+}
 38097 | Depths:2 | Identified the +0 chain mail "Qiur" {rElec rF+ Will+}
 38247 | Depths:2 | Reached skill level 5 in Staves
 38749 | Depths:2 | Found a one-way gate leading to the halls of Pandemonium.
 38864 | Depths:3 | Noticed a caustic shrike
 38903 | Depths:3 | Reached skill level 26 in Air Magic
 39001 | Depths:4 | Entered Level 4 of the Depths
 39001 | Depths:4 | Found a one-way gateway to a ziggurat.
 39016 | Depths:4 | Noticed a caustic shrike
 39016 | Depths:4 | Noticed a caustic shrike
 39016 | Depths:4 | Noticed a caustic shrike
 39022 | Depths:4 | Killed a caustic shrike
 39023 | Depths:4 | Killed a caustic shrike
 39024 | Depths:4 | Killed a caustic shrike
 39076 | Depths:4 | Noticed a golden dragon
 39088 | Depths:4 | Killed a golden dragon
 39096 | Depths:4 | Identified the +6 whip of Ignis's Envy {freeze, rC+ Will+
                  | Int+3}
 39435 | Depths:4 | Found a gate to the Realm of Zot.
 39947 | Zot:1    | Entered Level 1 of the Realm of Zot
 40024 | Zot:1    | Killed from afar by a yellow draconian annihilator

Illustrated notes

Levels and vault maps discovered:
D:1:      heliophobic_arrival_battle_scene, layout_rooms,
          chequers_serial_rivers_small_b
D:2:      minmay_spotlight, layout_basic, basic_ecumenical_altar, uniq_sigmund
D:3:      layout_rooms, minmay_bisected
D:4:      layout_loops_ring, nicolae_overflow_crystal_walls,
          mainiacjoe_overflow_alcove_2,
          chequers_temple_overflow_statue_of_worship, mrwooster_statue_mirror
D:5:      layout_loops_ring, nicolae_hepliaklqana_hippocampus,
          kennysheep_pointless_box, nicolae_half_adder
D:6:      layout_basic, elyvilon_altar_3, minmay_temple_entry_nine_rooms,
          dreamdust_princess_corridor
D:7:      layout_loops_ring, kennysheep_mini_moat, slow_altar_1,
          overflow_temple_1_default, nicolae_yredelemnul_corpse_copse,
          gammafunk_ghost_nasty_kobolds
D:8:      nzn_winding_woodlands_three_and_one
          [nzn_winding_woodlands_5x15_crooked,
          nzn_winding_woodlands_5x15_jagged,
          nzn_winding_woodlands_5x15_split_checker,
          nzn_winding_woodlands_center_pierced_h], layout_rooms,
          nicolae_transporter_intersection
D:9:      layout_cave_pools, nicolae_ru_sacrificial_ziggurat, serial_shops,
          shop, minmay_librarian
D:10:     layout_loops_ring, nicolae_uskayaw_suspiria, lemuel_crystal_altar,
          grunt_lair_entry_orc_guard_hut, enter_bailey_7,
          nicolae_figureground_sparkle
D:11:     layout_basic, david_orc_1_choice, serial_shops, nicolae_stop_n_shop_1
D:12:     layout_layer_cave, minivault_14, uniq_snorg
D:13:     layout_gridville, minmay_misc_feat_five
D:14:     layout_irregular_city, erik_vaults_1, uniq_frances
D:15:     grunt_enter_depths_magical_seal, layout_loops_corners,
          grunt_ministairs_9, hangedman_corner_corridor
Lair:1:   minmay_lair_oklob_tunnel, layout_gridlike, lemuel_fruit_fields
Lair:2:   layout_gridlike, minmay_shoals_entry_hut, kennysheep_rathole,
          grunt_megastairs_3
Lair:3:   layout_roguey, dummy_spider_entry, grunt_megastairs_2
Lair:4:   layout_hall_layers
Lair:5:   grunt_lair_end_beastmaster, layout_misc_corridors, slime_entry_1,
          nzn_masters_of_martial_movement, uniq_nessos
Shoals:1: layout_shoals
Shoals:2: layout_shoals
Shoals:3: nicolae_shoals_island_circles, layout_shoals
Shoals:4: shoals_end_hellmonk_storm_palace [storm_palace_center_circular,
          storm_palace_corner_blocked, storm_palace_corner_grid,
          storm_palace_corner_reverse_hut, storm_palace_corner_grid],
          uniq_louise
Spider:1: layout_spider_delve
Spider:2: layout_spider_delve, gammafunk_ghost_split,
          hangedman_stitches_earthworm, uniq_donald
Spider:3: layout_cave_pods, portal_ice_cave_entry_pillars_four, special_room
          [special_room_bee], uniq_arachne, uniq_mara
Spider:4: johnstein_spider_rune_arachne_lair, drop_trap,
          nicolae_spider_stair_cavern
Slime:1:  layout_caves
Slime:2:  layout_caves
Slime:3:  layout_caves, nicolae_slime_crime_time
Slime:4:  layout_caves
Slime:5
Orc:1:    layout_caves, basic_altar
Orc:2:    kennysheep_orc_mage_school, layout_caves, serial_shops, shop,
          gauntlet_entry_generic
Elf:1:    minmay_elf_arrival_summoners, layout_geoelf_diagonals,
          minmay_elf_crystal_heptagon, wad_floor_pattern_2, uniq_kirke
Elf:2:    elven_hall_of_blades_hangedman_alternative
          [nicolae_blade_little_rooms], layout_gridlike, gammafunk_ghost_arena,
          nicolae_shop_i_like_big_books, nicolae_shop_vocational
Elf:3:    minmay_elf_hall_dome, layout_geoelf_grid, basic_altar, serial_shops,
          shop, nrook_uturn, nicolae_shop_gadgets
Vaults:1: hellmonk_ghost_happy_afterlife, v_alt_pattern_1,
          vaults_room_door_hall, nicolae_vaults_triangles,
          nicolae_vaults_little_ls, vaults_dpeg_hooks, hangedman_vaults_nails,
          ontoclasm_vaults_shuriken, grunt_vaults_hallway_short,
          vaults_dpeg_emergency_exit, vaults_room_glass_cross,
          layout_vaults_omnibox, uniq_aizul
Vaults:2: v_misc_19, vaults_room_door_hall, nicolae_vaults_alarming,
          vaults_room_grunt_arrival_checkpoint, nicolae_vaults_fighting_squares,
          grunt_vaults_bifocal, nicolae_vaults_theta, hangedman_vaults_slice,
          nicolae_vaults_ring_of_whatevers, grunt_vaults_hallway_short,
          nicolae_vaults_little_squares_6, layout_vaults_omnigrid
Vaults:3: portal_desolation_entry_nicolae_slug, ontoclasm_vaults_loading_screen,
          minmay_crypt_entry_simple_corners, v_pattern_3,
          nicolae_vaults_disjoint_gnomons, hangedman_vaults_stitches,
          nicolae_vaults_angled_halls, hangedman_vaults_hat,
          vaults_mumra_chevron, v_misc_11, ontoclasm_vaults_ring_large,
          vaults_room_corners, ontoclasm_vaults_ring_square,
          nicolae_vaults_rhombus_7, v_alt_pattern_4, v_misc_8,
          layout_vaults_maze_snakey
Depths:1: layout_gridville, grunt_qazlal_clouds, hangedman_coc_ice_floe,
          nicolae_vehumet_altar_sigil, grunt_megastairs_1, firewood_loft
Depths:2: minmay_the_grid_octo_tiled_squarecenter [minmay_the_grid_octo_horde,
          minmay_the_grid_octo_vomiting_pacman, minmay_the_grid_octo_pinwheel,
          minmay_the_grid_octo_fat_diamond,
          minmay_the_grid_square_5x5_megaprize_checkered,
          minmay_the_grid_square_5x5_spiral, minmay_the_grid_square_5x5_percent,
          minmay_the_grid_square_5x5_minivault,
          minmay_the_grid_square_5x5_comb], layout_twisted_cross,
          rand_demon_pan_entry_8, wad_floor_pattern_1, hell_entry,
          uniq_saint_roka
Depths:3: minmay_connected_triangles_in_corner, layout_cave_pools,
          gammafunk_ghost_smash, abyss_entry, hell_entry, kennysheep_dice
Depths:4: grunt_zot_entry_gee_three, layout_basic, enter_ziggurat_f, hell_entry,
          pan_entry, hex_tiny, chequers_big_river
Zot:1:    layout_onion

Skill      XL: |  1  2  3  4  5  6  7  8  9 10 11 12 13 14 15 16 17 18 19 20 21 22 23 |
---------------+----------------------------------------------------------------------+-----
Ranged Weapons | 5 7 8 9 11 12 15 18 | 18.0
Air Magic      | 4 11 14 18 20 22 23 25 26 | 26.4
Spellcasting   | 1 4 5 8 10 11 | 11.0
Dodging        | 4 8 10 11 12 14 15 16 18 19 | 19.3
Fighting       | 3 5 7 8 10 11 12 13 15 16 17 | 17.5
Armour         | 5 9 10 11 14 | 14.7
Evocations     | 7 |  7.0
Stealth        | 3 6 |  6.1
Conjurations   | 7 10 12 13 | 13.0
Ice Magic      | 3 4 7 |  7.0
Translocations | 2 |  2.1
Staves         | 1 6 |  6.1

Action                     |  1- 3 |  4- 6 |  7- 9 | 10-12 | 13-15 | 16-18 | 19-21 | 22-24 || total
---------------------------+-------+-------+-------+-------+-------+-------+-------+-------++-------
  Melee: Shortbow          |       |     2 |       |       |       |       |       |       ||     2
         Staff             |       |       |       |       |       |       |       |     7 ||     7
         Pseudopods        |       |       |       |       |       |       |       |     4 ||     4
         Kick              |       |       |       |       |       |       |       |     3 ||     3
         Peck              |       |       |       |       |       |       |       |     2 ||     2
   Fire: Shortbow          |    15 |   175 |   401 |   489 |       |       |       |       ||  1080
         Longbow           |       |       |       |   272 |  1128 |  1169 |  1413 |    70 ||  4052
         Arbalest          |       |       |       |       |       |       |    73 |   387 ||   460
  Throw: Dart              |       |       |       |       |       |     1 |       |       ||     1
   Cast: Swiftness         |       |       |       |       |     1 |       |       |       ||     1
         Airstrike         |       |       |       |       |       |   106 |   128 |    16 ||   250
         Freezing Cloud    |       |       |       |       |       |    48 |    29 |       ||    77
         Arcjolt           |       |       |       |       |       |    16 |   160 |   195 ||   371
         Conjure Ball Ligh |       |       |       |       |       |     8 |    23 |     3 ||    34
         Maxwell's Capacit |       |       |       |       |       |     4 |    17 |     7 ||    28
         Apportation       |       |       |       |       |       |       |       |     1 ||     1
 Invoke: Oozemancy         |       |       |     2 |     1 |     7 |     3 |     2 |     2 ||    17
         Slimify           |       |       |       |       |     1 |       |       |       ||     1
  Evoke: Condenser vane    |       |       |       |       |       |     1 |     1 |     1 ||     3
         Lightning rod     |       |       |       |       |       |       |     8 |       ||     8
         Wand              |       |       |       |       |       |       |     3 |     1 ||     4
         Box of beasts     |       |       |       |       |       |       |       |     1 ||     1
    Use: Scroll            |     1 |     7 |     1 |     5 |     8 |     6 |     3 |    17 ||    48
         Potion            |       |       |       |       |     1 |       |       |     1 ||     2
 Armour: Robe              |       |    10 |    17 |     1 |       |       |       |       ||    28
         Troll leather arm |       |       |       |    11 |    41 |    66 |     3 |       ||   121
         Ring mail         |       |       |       |       |       |       |   249 |    36 ||   285
         Fire dragon scale |       |       |       |       |       |       |       |   163 ||   163
  Dodge: Dodged            |     1 |    55 |   230 |   360 |   471 |   529 |  1278 |   487 ||  3411
  Block: Other             |       |     9 |    71 |    86 |    84 |    24 |       |       ||   274
         Reflection        |       |       |     1 |     3 |     3 |     9 |       |       ||    16

Table legend: (Time is in decaauts)
 A = Elapsed time spent in this place.
 B = Non-inter-level travel time spent in this place.
 C = Inter-level travel time spent in this place.
 D = Time resting spent in this place.
 E = Time spent auto-exploring this place.
 F = Levels seen in this place.
 G = Mean time per level.
                   A        B        C        D        E       F      G
               +--------+--------+--------+--------+--------+-----+--------+
         Total |  36015 |  33581 |   2434 |    281 |  21314 |  50 |  720.3 |
       Dungeon |  10670 |   9834 |    836 |     11 |   6545 |  15 |  711.3 |
          Lair |   3996 |   3627 |    369 |    102 |   2125 |   5 |  799.2 |
        Shoals |   2892 |   2765 |    127 |     26 |   1853 |   4 |  723.0 |
   Spider Nest |   4982 |   4599 |    383 |     21 |   3133 |   4 | 1245.5 |
    Slime Pits |    525 |    448 |     77 |      0 |    351 |   5 |  105.0 |
  Orcish Mines |   1354 |   1165 |    189 |      0 |    572 |   2 |  677.0 |
   Elven Halls |   2934 |   2802 |    132 |     19 |   1715 |   3 |  978.0 |
        Vaults |   3297 |   3032 |    265 |      0 |   2123 |   3 | 1099.0 |
        Depths |   2969 |   2918 |     51 |      0 |   2020 |   4 |  742.2 |
           Zot |     75 |     75 |      0 |      0 |      0 |   1 |   75.0 |
        Bailey |    563 |    563 |      0 |      0 |    131 |   1 |  563.0 |
      Ice Cave |    573 |    573 |      0 |      0 |    253 |   1 |  573.0 |
    Desolation |    829 |    829 |      0 |     96 |    357 |   1 |  829.0 |
      Gauntlet |    349 |    349 |      0 |      6 |    130 |   1 |  349.0 |
               +--------+--------+--------+--------+--------+-----+--------+

Top non-repeatable levels by time:
Spider:1: 1474 daAuts
Spider:2: 1390 daAuts
Vaults:2: 1241 daAuts
Spider:4: 1151 daAuts
    D:12: 1076 daAuts
Depths:2: 1075 daAuts
   Elf:2: 1065 daAuts
Vaults:3: 1064 daAuts
   Orc:2: 1048 daAuts
   Elf:3: 1004 daAuts
Vaults:1: 990 daAuts
    D:15: 974 daAuts
Spider:3: 965 daAuts
    D:10: 955 daAuts
  Lair:1: 924 daAuts
